Map: Ulrena

Players

State

  • Race: Protoss Protoss
  • League: Grandmaster

마도로스 - Winner!

  • Race: Zerg Zerg
  • League: Grandmaster

VOD

https://youtu.be/UtB21RLUvmw

Description

Time

  • Played on: Jan. 26, 2016, 2:59 p.m.
  • Length: 12:10
Show
View Real Time Build Order
Export as new Build Order

State Protoss 

Build Orders: Nexus First 

Get SALT Encoding   

  12  0:01  Probe (Chrono Boost)  
  13  0:12  Probe (Chrono Boost)  
  14  0:19  Pylon  
  14  0:22  Probe (Chrono Boost)  
  15  0:37  Probe (Chrono Boost)  
  16  0:48  Probe (Chrono Boost)  
  17  1:00  Nexus  
  17  1:03  Probe (Chrono Boost)  
  18  1:14  Gateway  
  18  1:17  Probe (Chrono Boost)  
  19  1:21  Assimilator  
  19  1:28  Probe (Chrono Boost)  
  20  1:40  Pylon  
  20  1:41  Pylon  
  20  1:42  Probe (Chrono Boost)  
  22  1:54  Probe (Chrono Boost)  
  22  2:01  Cybernetics Core, Zealot (Chrono Boost)  
  24  2:07  Pylon  
  24  2:08  Probe  
  25  2:19  Probe, Pylon  
  25  2:20  Probe  
  27  2:25  Zealot (Chrono Boost)  
  30  2:38  Mothership Core  
  30  2:39  Assimilator  
  30  2:41  Warp Gate (Chrono Boost)  
  31  2:48  Zealot (Chrono Boost)  
  33  2:54  Pylon  
  33  3:01  Pylon  
  33  3:12  Gateway x2  
  33  3:19  Sentry, Probe  
  36  3:31  Probe  
  37  3:38  Pylon  
  37  3:48  Sentry  
  39  3:51  Nexus  
  39  3:58  Probe  
  40  4:10  Probe  
  40  4:11  Stargate  
  41  4:22  Probe  
  42  4:34  Probe  
  42  4:35  Adept x2  
  47  4:41  Pylon  
  47  4:45  Pylon  
  47  4:59  Probe, Void Ray (Chrono Boost)  
  52  5:09  Probe  
  52  5:11  Probe  
  46  5:19  Probe  
  45  5:26  Probe  
  44  5:30  Probe  
  44  5:34  Gateway  
  43  5:37  Void Ray (Chrono Boost)  
  43  5:38  Probe  
  43  5:39  Gateway  
  43  5:40  Probe  
  43  5:42  Pylon  
  49  5:50  Probe  
  49  5:51  Pylon  
  49  5:52  Probe  
  51  5:59  Twilight Council  
  51  6:01  Assimilator  
  51  6:02  Probe  
  52  6:05  Probe, Zealot, Assimilator  
  55  6:14  Void Ray (Chrono Boost)  
  55  6:15  Probe  
  60  6:22  Probe  
  61  6:27  Probe  
  61  6:32  Nexus  
  62  6:33  Probe  
  63  6:40  Charge (Chrono Boost)  
  63  6:41  Probe  
  64  6:47  Pylon  
  64  6:51  Probe, Phoenix (Chrono Boost)  
  64  6:53  Probe  
  68  7:03  Probe  
  68  7:06  Pylon  
  69  7:08  Probe  
  69  7:12  Phoenix (Chrono Boost)  
  69  7:14  Probe  
  73  7:25  Probe  
  73  7:26  Probe  
  73  7:29  Gateway x2  
  75  7:31  Phoenix  
  75  7:33  Gateway  
  75  7:35  Forge  
  77  7:39  Templar Archives  
  77  7:40  Probe  
  77  7:41  Probe  
  79  7:47  Dark Shrine  
  79  7:52  Gateway  
  79  7:56  Gateway  
  79  7:57  Phoenix  
  79  8:05  Probe, Assimilator  
  82  8:06  Assimilator  
  82  8:09  Protoss Ground Weapons Level 1 (Chrono Boost)  
  82  8:15  Probe  
  82  8:17  Probe  
  82  8:19  Phoenix  
  86  8:28  Zealot x5  
  96  8:42  High Templar x2  
  96  8:43  Phoenix  
  102  8:48  Gateway  
  102  8:50  Gateway  
  102  8:53  Gateway, Pylon  
  102  8:56  Archon  
  102  8:59  Zealot x3  
  108  9:06  Pylon  
  108  9:08  Phoenix  
  108  9:09  Pylon  
  110  9:19  Zealot x3  
  116  9:24  Pylon  
  116  9:25  Pylon  
  116  9:31  Zealot x4  
  83  9:47  Zealot x3  
  83  9:48  Probe x2, Zealot x2  
  83  9:51  Probe  
  71  10:00  Probe  
  71  10:01  Probe  
  71  10:02  Probe  
  73  10:12  Probe  
  73  10:13  Probe x2  
  76  10:18  Dark Templar x3, Phoenix  
  82  10:25  Probe  
  82  10:26  Probe  
  85  10:33  Dark Templar  
  83  10:36  Dark Templar  
  83  10:39  Dark Templar  
  83  10:41  Probe  
  81  10:45  Probe  
  82  10:53  High Templar x4  
  90  10:57  Archon  
  90  10:58  Archon x2  
  90  10:59  Archon x2  
  90  11:01  Zealot x2  
  92  11:10  Dark Templar  
  84  11:17  Dark Templar  
  82  11:20  Zealot x2  
  86  11:26  Phoenix  
  86  11:27  Archon  
  86  11:31  Zealot  
  90  11:36  Dark Templar  
  92  11:40  Zealot  
Show
View Real Time Build Order
Export as new Build Order

마도로스 Zerg - Winner!

Build Orders: Pool First 

Get SALT Encoding   

  12  0:18  Spawning Pool  
  11  0:22  Drone  
  11  0:27  Drone  
  13  0:32  Drone  
  14  0:41  Overlord  
  14  1:05  Zergling x6  
  17  1:16  Hatchery  
  16  1:19  Zergling x2  
  17  1:31  Queen  
  19  1:36  Zergling x2  
  20  1:43  Zergling x2  
  21  1:53  Extractor, Zergling x2  
  21  2:05  Overlord  
  21  2:10  Zergling x2  
  22  2:28  Zergling x2  
  23  2:32  Zergling x4  
  23  2:34  Queen  
  27  2:44  Overlord  
  27  2:51  Drone  
  27  2:52  Drone  
  29  3:04  Metabolic Boost  
  29  3:08  Drone  
  30  3:15  Drone x2  
  32  3:22  Drone  
  33  3:32  Drone x3  
  36  3:36  Drone  
  37  3:41  Drone x2  
  37  3:46  Drone  
  40  3:53  Drone x3  
  43  3:59  Overlord  
  43  4:13  Drone  
  43  4:14  Roach Warren  
  43  4:19  Drone x4  
  43  4:22  Drone x2  
  49  4:24  Drone  
  49  4:30  Drone  
  49  4:31  Drone  
  52  4:35  Overlord  
  52  4:39  Lair  
  52  4:40  Extractor  
  52  4:41  Drone  
  51  4:57  Roach  
  51  4:58  Overlord, Roach x2  
  57  5:14  Drone x5  
  57  5:36  Overlord  
  57  5:45  Hatchery  
  56  5:50  Extractor  
  56  5:51  Hydralisk Den  
  56  5:53  Drone x7, Extractor  
  56  5:54  Overlord x5  
  60  6:02  Spore Crawler x2  
  58  6:11  Overlord, Queen  
  58  6:15  Overlord  
  58  6:17  Drone x3  
  58  6:18  Drone  
  64  6:20  Glial Reconstitution  
  64  6:36  Hydralisk  
  64  6:37  Hydralisk x3  
  71  6:53  Zergling x14  
  71  6:54  Zergling x2  
  79  6:56  Muscular Augments  
  77  7:05  Hydralisk x2  
  75  7:12  Hydralisk x2  
  77  7:16  Drone  
  77  7:17  Drone  
  77  7:19  Extractor  
  77  7:20  Extractor  
  77  7:22  Drone  
  78  7:24  Drone x4  
  78  7:25  Drone  
  83  7:30  Drone x2  
  83  7:36  Drone x2  
  87  7:38  Drone x2  
  87  7:39  Drone  
  87  7:40  Drone  
  91  7:49  Drone x5  
  96  7:59  Overlord x3  
  96  8:04  Roach  
  96  8:05  Roach x3  
  104  8:10  Roach  
  106  8:17  Overlord  
  106  8:23  Spore Crawler  
  106  8:25  Hydralisk x5  
  106  8:26  Hydralisk  
  116  8:31  Hydralisk x3  
  122  8:40  Overlord x2  
  122  8:41  Hydralisk x2  
  122  8:43  Hydralisk  
  128  8:50  Hydralisk x3  
  134  8:58  Zergling x2  
  134  8:59  Zergling x12  
  134  9:00  Ravager x2  
  134  9:01  Ravager x3  
  146  9:10  Roach  
  146  9:11  Roach x2  
  146  9:12  Overlord x2  
  144  9:28  Hydralisk x2  
  147  9:35  Hydralisk  
  147  9:36  Hydralisk x7  
  144  9:42  Hydralisk x3  
  128  9:46  Hydralisk  
  128  9:47  Hydralisk  
  128  9:51  Hydralisk x2  
  126  9:54  Hydralisk  
  120  10:06  Hydralisk x4  
  120  10:07  Hydralisk  
  123  10:12  Zergling x6  
  128  10:18  Hydralisk x2  
  132  10:24  Zergling x2  
  133  10:30  Zergling x6  
  133  10:35  Overseer  
  131  10:40  Zergling x2  
  131  10:41  Zergling x14  
  127  10:43  Zergling x2  
  127  10:49  Hydralisk  
  106  10:51  Hydralisk  
  106  10:52  Hydralisk  
  111  10:58  Hydralisk x5  
  111  10:59  Hydralisk x2  
  109  11:14  Hydralisk  
  109  11:15  Hydralisk x5  
  109  11:17  Hydralisk  
  111  11:36  Roach x9  
  111  11:38  Zergling x2  
  130  11:50  Roach x3  
  130  11:51  Roach  
  138  11:57  Overseer  
Tags
 
Add a new tag
Caveats
  • Supply blocks, unpowered buildings, or Contaminate may cause inaccurate times.
  • Supply counts are checked every 10 seconds.